 Dungeon Crawl Stone Soup version 0.19-a0-958-gd69d43c (webtiles) character file.

8708 Etesian the Cleaver (level 11, -3/87 HPs)
             Began as a Human Fighter on July 11, 2016.
             Was a Follower of Ru.
             Slain by an orc warrior
             ... wielding a +0 dire flail
              (14 damage)
             ... on level 10 of the Dungeon.
             The game lasted 00:34:23 (12600 turns).

Etesian the Cleaver (Human Fighter)                Turns: 12600, Time: 00:34:23

Health: -3/87      AC: 17    Str: 16    XL:     11   Next: 60%
Magic:  11/11      EV:  4    Int: 10    God:    Ru [*.....]
Gold:   117        SH: 12    Dex: 15    Spells: 0 memorised, 10 levels left

rFire  + . .     SeeInvis +     a - +1 war axe
rCold  + . .     Gourm    .     i - +0 plate armour
rNeg   + . .     Faith    .     c - +1 shield
rPois  +         Spirit   .     v - -2 hat of the Alchemist {rElec rPois rF+ rC+ rN+ MR+ rMut rCorr}
rElec  +         Dismiss  .     (no cloak)
rCorr  +         Reflect  .     j - +2 pair of gloves
rMut   +         Harm     .     g - +1 pair of boots {run}
SustAt .                        (no amulet)
MR     +....                    (no ring)
Stlth  ..........               u - ring of see invisible

@: lethally poisoned (-3 -> -4), quick, somewhat resistant to hostile
enchantments, extremely unstealthy
A: screaming 1, hated by all
a: Renounce Religion


You were on level 10 of the Dungeon.
You worshipped Ru.
Ru was aware of your devotion.
You were hungry.

You visited 2 branches of the dungeon, and saw 11 of its levels.

You collected 589 gold pieces.
You spent 472 gold pieces at shops.

Inventory:

Hand Weapons
 a - a +1 war axe (weapon)
 b - a +3 morningstar of freezing
Armour
 c - a +1 shield (worn)
 g - a +1 pair of boots of running (worn)
 i - a +0 plate armour (worn)
 j - a +2 pair of gloves (worn)
 o - the +2 cloak of Musaerom {Regen+ Str-3 Int+8}
   (You found it on level 4 of the Dungeon)

   It affects your strength (-3).
   It affects your intelligence (+8).
   It increases your rate of regeneration.
 v - the -2 hat of the Alchemist (worn) {rElec rPois rF+ rC+ rN+ MR+ rMut rCorr}
   (You bought it in a shop on level 4 of the Dungeon)

   It protects you from fire.
   It protects you from cold.
   It insulates you from electricity.
   It protects you from poison.
   It protects you from negative energy.
   It affects your resistance to hostile enchantments.
   It protects you from acid and corrosion.
   It protects you from mutation.
Jewellery
 k - an uncursed ring of ice
 u - a ring of see invisible (left hand)
Wands
 q - a wand of confusion (23/48)
 w - a wand of acid (4/15)
 A - a wand of confusion (6/48)
 C - a wand of flame (20/48)
Scrolls
 m - a scroll of identify
 s - 2 scrolls of magic mapping
 y - a scroll of enchant weapon
 F - 5 scrolls of remove curse
Potions
 d - a potion of brilliance
 e - a potion of flight
 p - a potion of resistance
 x - a potion of cancellation
Comestibles
 f - 4 bread rations
 l - 3 meat rations
 r - 5 fruits
 t - 5 beef jerkies
 E - 3 royal jellies


   Skills:
 + Level 8.3 Fighting
 * Level 11.1 Axes
 + Level 8.3 Armour
 + Level 8.5 Shields


You had 10 spell levels left.
You didn't know any spells.

Dungeon Overview and Level Annotations

Branches:
Dungeon (10/15)            Temple (1/1) D:5             Orc (0/2) D:9
   Lair: D:8-11

Altars:
Ashenzari
Cheibriados
Dithmenos
Elyvilon
Fedhas
Gozag
Hepliaklqana
Kikubaaqudgha
Makhleb
Nemelex Xobeh
Okawaru
Pakellas
Qazlal
Ru
Sif Muna
Trog
Uskayaw
Vehumet
Xom
Yredelemnul
Zin
The Shining One

Shops:
D:4 [   D:7 (   D:10 [

Annotations:
D:9 Gastronok


Innate Abilities, Weirdness & Mutations

You occasionally shout uncontrollably at your foes.
You are hated by all.


Message History

You are too injured to fight recklessly!
You are too injured to fight recklessly!
You are too injured to fight recklessly!
You are too injured to fight recklessly!
You are too injured to fight recklessly!
You are too injured to fight recklessly!
You are too injured to fight recklessly!
You are too injured to fight recklessly!
You are too injured to fight recklessly!
You are too injured to fight recklessly!
You are too injured to fight recklessly!
You are too injured to fight recklessly!
You are too injured to fight recklessly!
You are too injured to fight recklessly!
Unknown command.
You hit the orc warrior but do no damage.
The orc warrior is severely wounded.
You block the orc's attack.
The orc warrior hits you with a dire flail!
You die...

## #[# #.# .#
#.# ## #.# #o#
#(# .# #.# #o##
#.# #.# #.#
#@###.# .# #.#
#.###.#.# ##
#.# #.# #.###.#
#)# #.# #.#
#.#.#.#.# #.#
#.###.###.# .#
#.#
#.#.#.#.#.##
.#.#
#.###.###.###)#
.#.#.#
#.#.#.#.#.#.##
#.#.#.#
#.###.###.##


You could see an orc warrior and an orc.

Vanquished Creatures
  Erolcha (D:9)
  A hill giant (D:7)
  A griffon (D:10)
  2 centaur zombies
  A gargoyle (D:10)
  A two-headed ogre (D:9)
  A queen bee (D:8)
  2 trolls (D:10)
  Sigmund (D:2)
  11 yaks
  Eustachio (D:4)
  2 hungry ghosts (D:10)
  3 sky beasts
  5 black bears
  A necrophage (D:8)
  2 ogres
  A centaur (D:5)
  A big kobold (D:9)
  4 giant frogs
  A scorpion (D:6)
  A water moccasin skeleton (D:6)
  18 killer bees
  2 wights (D:8)
  2 howler monkeys
  6 crimson imps
  3 jellies
  3 quasits
  11 hounds
  A giant frog skeleton (D:7)
  3 orc wizards
  2 iguanas
  3 worker ants
  2 worker ant zombies (D:9)
  9 gnolls
  13 adders
  3 shadow imps
  2 adder skeletons
  A worm (D:3)
  2 dart slugs
  6 giant geckos
  33 orcs
  5 giant cockroaches
  6 goblins
  8 hobgoblins
  3 jackals (D:7)
  4 quokkas
  3 bats
  A giant gecko skeleton (D:4)
  8 giant newts
  11 kobolds
  4 quokka skeletons (D:4)
  5 rats
227 creatures vanquished.

Vanquished Creatures (others)
  A wight (D:8)
1 creature vanquished.

Grand Total: 228 creatures vanquished

Notes
Turn   | Place    | Note
-------+----------+-------------------------------------------
     0 | D:1      | Etesian the Human Fighter began the quest for the Orb.
     0 | D:1      | Reached XP level 1. HP: 18/18 MP: 1/1
   166 | D:1      | Reached XP level 2. HP: 24/24 MP: 2/2
   597 | D:2      | Found a shattered altar of Ashenzari.
   598 | D:2      | Found a stormy altar of Qazlal.
   599 | D:2      | Found a shadowy altar of Dithmenos.
   671 | D:2      | Reached XP level 3. HP: 29/29 MP: 3/3
   745 | D:2      | Noticed Sigmund
   781 | D:2      | Killed Sigmund
   781 | D:2      | Reached skill level 3 in Axes
   781 | D:2      | Reached XP level 4. HP: 17/37 MP: 4/4
   781 | D:2      | Reached XP level 5. HP: 19/42 MP: 5/5
  1310 | D:3      | Reached XP level 6. HP: 48/48 MP: 6/6
  1608 | D:3      | Noticed a sky beast
  1663 | D:3      | Killed a sky beast
  1663 | D:3      | Reached skill level 4 in Axes
  2019 | D:3      | Reached XP level 7. HP: 55/55 MP: 7/7
  2297 | D:4      | Got a brightly glowing cloak
  2303 | D:4      | Identified the +2 cloak of Musaerom {Regen+ Str-3 Int+8} (You found it on level 4 of the Dungeon)
  2317 | D:4      | Found a sacrificial altar of Ru.
  2595 | D:4      | Found Girah's Armour Boutique.
  2758 | D:4      | Found an opulent altar of Gozag.
  3202 | D:5      | Entered Level 5 of the Dungeon
  3202 | D:5      | Noticed Eustachio
  3334 | D:4      | Killed Eustachio
  3334 | D:4      | Reached skill level 5 in Axes
  3469 | D:5      | Reached XP level 8. HP: 60/61 MP: 8/8
  3518 | D:5      | Found a staircase to the Ecumenical Temple.
  3521 | Temple   | Entered the Ecumenical Temple
  3733 | D:5      | Reached skill level 5 in Shields
  3770 | D:4      | Became a worshipper of Ru the Awakened
  3859 | D:5      | Reached skill level 5 in Fighting
  3960 | D:5      | Reached skill level 5 in Armour
  4173 | D:6      | Reached skill level 6 in Axes
  4277 | D:6      | Found an iron altar of Okawaru.
  4517 | D:6      | You fall through a shaft!
  4852 | D:7      | Found Orreroin's Antique Weapon Shoppe.
  4881 | D:7      | Gained mutation: You are hated by all. [Ru sacrifice]
  4881 | D:7      | Reached * piety under Ru
  4889 | D:7      | Found a hazy altar of Hepliaklqana.
  5150 | D:7      | Noticed a hill giant
  5174 | D:7      | Killed a hill giant
  5174 | D:7      | Reached skill level 7 in Axes
  5174 | D:7      | Reached XP level 9. HP: 23/69 MP: 9/9
  5438 | D:7      | Found a snail-covered altar of Cheibriados.
  5494 | D:7      | Found a glowing silver altar of Zin.
  5776 | D:6      | Found a bloodstained altar of Trog.
  5864 | D:6      | Reached skill level 8 in Axes
  6280 | D:6      | Found a burning altar of Makhleb.
  6769 | D:8      | Reached XP level 10. HP: 77/77 MP: 10/10
  7586 | D:8      | Reached skill level 9 in Axes
  8062 | D:8      | Gained mutation: You occasionally shout uncontrollably at your foes. [Ru sacrifice]
  8526 | D:8      | Identified a +1 pair of boots of running (You found it on level 8 of the Dungeon)
  9116 | D:9      | Noticed Erolcha
  9150 | D:9      | Killed Erolcha
  9437 | D:9      | Reached skill level 10 in Axes
  9786 | D:9      | Reached XP level 11. HP: 78/84 MP: 11/11
  9832 | D:9      | Found a staircase to the Orcish Mines.
 10205 | D:4      | Bought the -2 hat of the Alchemist {rElec rPois rF+ rC+ rN+ MR+ rMut rCorr} for 472 gold pieces
 10306 | D:8      | You fall through a shaft!
 10929 | D:9      | Noticed Gastronok
 10976 | D:9      | HP: 2/86 [Gastronok (29)]
 10994 | D:8      | HP: 2/129 [killer bee (5)]
 11423 | D:10     | Entered Level 10 of the Dungeon
 11476 | D:10     | Found Umuotox's Antique Armour Boutique.
 11902 | D:10     | Paralysed by fainting for 12 turns
 12165 | D:10     | Reached skill level 11 in Axes
 12578 | D:10     | Noticed a griffon
 12592 | D:10     | Killed a griffon
 12600 | D:10     | Slain by an orc warrior

Vault maps used:
D:1:      scummos_arrival_forest
D:2:      gammafunk_temple_overflow_forgotten, uniq_sigmund
D:4:      nicolae_gozag_seed_capital, overflow_temple_1_default, serial_shops,
          shop
D:5:      first_bread, uniq_eustachio
D:6:      kennysheep_mini, lightli_temple_of_fire, okawaru_metal_pillars_1_2
D:7:      overflow_temple_1_default, overflow_temple_1_default, serial_shops,
          shop, basic_altar, minmay_strange_pillars
D:8:      david_nohive_1
D:9:      david_orc_3, uniq_erolcha, uniq_gastronok
D:10:     minmay_imperfect_grid, serial_shops, nicolae_shop_statue_plus
Temple:   nicolae_temple_figure_eight

Skill      XL: |  1  2  3  4  5  6  7  8  9 10 11 |
---------------+----------------------------------+-----
Fighting       | 4 5 6 7 8 |  8.3
Axes           | 3 4 5 7 8 10 11 | 11.1
Shields        | 4 5 6 7 8 |  8.5
Armour         | 4 5 6 7 8 |  8.3

Action                   |  1- 3 |  4- 6 |  7- 9 | 10-12 || total
-------------------------+-------+-------+-------+-------++-------
Melee: War axe           |    79 |   156 |   463 |   617 ||  1315
Invok: Sacrifice Love    |       |       |     1 |       ||     1
       Sacrifice Purity  |       |       |       |     1 ||     1
Evoke: Wand              |       |       |     1 |     9 ||    10
  Use: Scroll            |     2 |     3 |    11 |     6 ||    22
       Potion            |     1 |       |     1 |     7 ||     9
 Stab: Confused          |       |       |     3 |     3 ||     6
       Distracted        |       |       |       |     1 ||     1
  Eat: Chunk             |       |     4 |    16 |    12 ||    32
       Royal jelly       |       |       |       |     4 ||     4
       Pizza             |       |       |       |     2 ||     2
Armor: Scale mail        |    35 |    33 |       |       ||    68
       Plate armour      |       |    77 |   373 |   399 ||   849
       Skin              |       |       |       |     1 ||     1
Dodge: Dodged            |    19 |    24 |    48 |   111 ||   202
Block: Shield            |    31 |    72 |   302 |   406 ||   811
